 Dungeon Crawl Stone Soup version 0.20.1-1-g8b1a95d (webtiles) character file.

2180 poirepourri the Basher (level 9, 0/55 HPs)
             Began as a Gargoyle Fighter on Nov 1, 2017.
             Was an Initiate of Okawaru.
             Slain by an orc warrior
             ... wielding a +4 morningstar of protection
              (19 damage)
             ... on level 7 of the Dungeon.
             The game lasted 00:10:58 (7269 turns).

poirepourri the Basher (Gargoyle Fighter)           Turns: 7269, Time: 00:10:59

Health: 0/55       AC: 23    Str: 19    XL:     9   Next: 33%
Magic:  9/9        EV:  7    Int: 10    God:    Okawaru [......]
Gold:   272        SH:  9    Dex: 12    Spells: 8/8 levels left

rFire    . . .     SeeInvis .   d - +4 flail (protect)
rCold    + . .     Gourm    +   c - +0 shield
rNeg     + . .     Faith    .   m - +2 scale mail {rPois}
rPois    ∞         Spirit   .   (no helmet)
rElec    +         Reflect  .   (no cloak)
rCorr    +         Harm     .   t - +1 pair of gloves
MR       .....                  (no boots)
Stlth    ..........             e - amulet of the gourmand
Regen    0.2/turn               g - ring of protection from cold
MPRegen  0.2/turn               l - ring of resist corrosion

@: protection aura
A: negative energy resistance 1, electricity resistance, unbreathing,
petrification resistance, rot immunity, AC +5
a: Renounce Religion


You were on level 7 of the Dungeon.
You worshipped Okawaru.
Okawaru was noncommittal.
You were not hungry.

You visited 2 branches of the dungeon, and saw 8 of its levels.

You collected 272 gold pieces.

Inventory:

Hand Weapons
 d - a +4 flail of protection (weapon)
Missiles
 j - 21 bolts
Armour
 c - a +0 shield (worn)
 m - a +2 scale mail of poison resistance (worn)
 t - a +1 pair of gloves (worn)
Jewellery
 b - an uncursed ring of flight
 e - an amulet of the gourmand (around neck)
 g - a ring of protection from cold (left hand)
 l - a ring of resist corrosion (right hand)
 p - an uncursed ring of fire
 y - an uncursed ring of magical power
Scrolls
 h - 5 scrolls of remove curse
 q - 3 scrolls of teleportation
 r - 2 scrolls of blinking
Potions
 i - a potion of ambrosia
 k - 2 potions of magic
 n - a potion of haste
 o - 2 potions of flight
 s - 3 potions of brilliance
 v - a potion of resistance
 w - a potion of might
 x - a potion of curing
 B - 2 potions of heal wounds
Books
 u - a book of Misfortune

   Spells                             Type                      Level
   a - Confusing Touch                Hexes                        1
   b - Confuse                        Hexes                        3
   c - Gell's Gravitas                Translocation                3
   d - Petrify                        Transmutation/Earth          4
   e - Metabolic Englaciation         Hexes/Ice                    5
   f - Yara's Violent Unravelling     Hexes/Transmutation          5
Comestibles
 f - 3 bread rations
 z - a royal jelly


   Skills:
 - Level 6.2 Fighting
 + Level 11.1 Maces & Flails
 - Level 3.2 Armour
 - Level 3.2 Shields


You had 8 spell levels left.
You didn't know any spells.

Dungeon Overview and Level Annotations

Branches:
Dungeon (7/15)             Temple (1/1) D:6

Altars:
Ashenzari
Cheibriados
Dithmenos
Fedhas
Gozag
Hepliaklqana
Kikubaaqudgha
Makhleb
Nemelex Xobeh
Okawaru
Qazlal
Sif Muna
Trog
Uskayaw
Vehumet
Xom
Yredelemnul
Zin
The Shining One

Annotations:
D:3 2 transporters, Sigmund


Innate Abilities, Weirdness & Mutations

You are resistant to torment.
Your stone body is resilient. (AC +5)
You are immune to poison.
You resist negative energy. (rN+)
You are resistant to electric shocks. (rElec)
You can survive without breathing.
You are immune to petrification.
You are immune to rotting.


Message History

The orc warrior is moderately wounded.
The orc warrior hits you with a morningstar of protection.
You closely miss the orc warrior.
The orc warrior is moderately wounded.
Your shield and scale mail prevent you from hitting the orc warrior.
The orc warrior is moderately wounded.
The orc warrior hits you with a morningstar of protection.
You closely miss the orc warrior.
The orc warrior is moderately wounded.
The orc warrior hits you with a morningstar of protection!
You thump the orc warrior!
The orc warrior is severely wounded.
The orc warrior hits you with a morningstar of protection.
A manticore comes into view.
You closely miss the orc warrior.
The orc warrior is severely wounded.
Your shield and scale mail prevent you from hitting the orc warrior.
The orc warrior is severely wounded.
The orc warrior hits you with a morningstar of protection!!
You die...

#####..#..# #..#<#
##...## ##.... #. #..##
##..# #.. #..# ##.#
#..######.## #########
#.#
##.....##..#.##...o.o..
#.(
.......##.##.#H...##)T#
##.
.###....#..###o##..# .
........#.##.#@#####
..........#..##.#
.........##.#.#.##
....##...#..#.##.# ..
#..###.##.#.##
#..#.##.#.##.#
#..#..(.##...#
#...##########
#..........


You could see a manticore and an orc warrior.

Vanquished Creatures
  Pikel (D:5)
  Edmund (D:4)
  An orc warrior (D:6)
  A phantom (D:5)
  2 ogres
  2 centaurs (D:5)
  A gnoll sergeant (D:7)
  A bullfrog (D:6)
  A wyvern zombie (D:6)
  A scorpion (D:4)
  A howler monkey (D:4)
  2 crimson imps
  A hound (D:5)
  A centaur skeleton (D:4)
  6 orc priests
  2 jellies
  An iguana (D:5)
  2 orc wizards (D:5)
  Terence (D:2)
  3 worker ants
  A hound skeleton (D:7)
  7 gnolls
  11 adders
  6 oozes (D:1)
  An adder skeleton (D:5)
  3 worms
  4 dart slugs
  3 leopard geckos
  15 orcs
  8 giant cockroaches
  4 goblins
  5 hobgoblins
  4 jackals (D:1)
  2 kobolds
  A quokka (D:5)
  4 bats
  4 frilled lizards
  A jackal skeleton (D:4)
  A jackal zombie (D:6)
  A quokka skeleton (D:4)
  A quokka zombie (D:5)
  13 rats
132 creatures vanquished.

Vanquished Creatures (others)
  3 slaves (D:5)
  A gnoll shaman (D:5)
  An orc wizard (D:5)
  2 gnolls (D:5)
  A dart slug (D:5)
  A leopard gecko (D:5)
  4 orcs (D:5)
13 creatures vanquished.

Grand Total: 145 creatures vanquished

Notes
Turn   | Place    | Note
-------+----------+-------------------------------------------
     0 | D:1      | poirepourri the Gargoyle Fighter began the quest for the Orb.
     0 | D:1      | Reached XP level 1. HP: 14/14 MP: 1/1
     1 | D:1      | Found a runed door.
   193 | D:1      | Reached XP level 2. HP: 19/19 MP: 2/2
   286 | D:1      | Reached skill level 3 in Maces & Flails
   513 | D:1      | Reached XP level 3. HP: 23/23 MP: 3/3
  1106 | D:1      | Reached skill level 4 in Maces & Flails
  1121 | D:1      | Reached XP level 4. HP: 28/28 MP: 4/4
  1742 | D:2      | Found a shimmering altar of Xom.
  1745 | D:2      | Noticed Terence
  1755 | D:2      | Killed Terence
  1755 | D:2      | Reached skill level 5 in Maces & Flails
  1755 | D:2      | Reached XP level 5. HP: 30/32 MP: 5/5
  2061 | D:3      | Found a transporter.
  2061 | D:3      | Found a burning altar of Makhleb.
  2061 | D:3      | Found a transporter.
  2083 | D:3      | Noticed a sky beast
  2086 | D:3      | Noticed Sigmund
  2117 | D:3      | Found a bloodstained altar of Trog.
  2337 | D:3      | Reached skill level 6 in Maces & Flails
  2585 | D:3      | Reached XP level 6. HP: 37/37 MP: 6/6
  2902 | D:3      | Found a shadowy altar of Dithmenos.
  3427 | D:4      | Noticed Edmund
  3440 | D:4      | Killed Edmund
  3440 | D:4      | Reached skill level 5 in Fighting
  3440 | D:4      | Reached XP level 7. HP: 27/44 MP: 7/7
  3716 | D:4      | Found a snail-covered altar of Cheibriados.
  4040 | D:4      | Found an opulent altar of Gozag.
  4209 | D:4      | Found a glowing silver altar of Zin.
  4572 | D:5      | Entered Level 5 of the Dungeon
  4684 | D:5      | Noticed Pikel
  4709 | D:5      | Killed Pikel
  4709 | D:5      | Reached skill level 8 in Maces & Flails
  4709 | D:5      | Reached XP level 8. HP: 41/51 MP: 8/8
  4867 | D:5      | Reached skill level 9 in Maces & Flails
  5322 | D:5      | Reached skill level 10 in Maces & Flails
  5729 | D:6      | Found a staircase to the Ecumenical Temple.
  5784 | D:6      | Reached XP level 9. HP: 49/55 MP: 9/9
  5817 | Temple   | Entered the Ecumenical Temple
  6067 | Temple   | Became a worshipper of Warmaster Okawaru
  6465 | D:6      | Found a deep blue altar of Sif Muna.
  7162 | D:7      | Reached skill level 11 in Maces & Flails
  7245 | D:7      | Noticed a troll
  7268 | D:7      | Noticed a manticore
  7269 | D:7      | Slain by an orc warrior

Skill      XL: |  1  2  3  4  5  6  7  8  9 |
---------------+----------------------------+-----
Maces & Flails | 3 4 5 6 8 10 11 | 11.1
Fighting       | 5 6 |  6.2
Armour         | |  3.2
Shields        | |  3.2

Action                   |  1- 3 |  4- 6 |  7- 9 || total
-------------------------+-------+-------+-------++-------
Melee: Flail             |   127 |   169 |   247 ||   543
  Use: Scroll            |     1 |     9 |    11 ||    21
       Potion            |       |     5 |       ||     5
  Eat: Chunk             |       |     4 |     4 ||     8
       Royal jelly       |       |     1 |       ||     1
       Meat ration       |       |     1 |       ||     1
       Bread ration      |       |       |     2 ||     2
Armor: Scale mail        |    80 |   119 |   107 ||   306
Dodge: Dodged            |    33 |    59 |    57 ||   149
Block: Shield            |    63 |    97 |    85 ||   245
